 Dungeon Crawl Stone Soup version 0.27-a0-988-g25969acef8 (webtiles) character file.

Game seed: 16151437998941903087

95 senseless the Slasher (level 4, -1/34 HPs)
             Began as a Demonspawn Gladiator on Apr 15, 2021.
             Slain by Natasha (8 damage)
             ... on level 2 of the Dungeon.
             The game lasted 00:05:09 (2359 turns).

senseless the Slasher (Demonspawn Gladiator)        Turns: 2359, Time: 00:05:09

Health: -1/34      AC:  5    Str: 20    XL:     4   Next: 40%
Magic:  4/4        EV: 12    Int: 10    God:
Gold:   93         SH:  4    Dex: 15    Spells: 3/3 levels left

rFire    . . .     SeeInvis .   a - +0 long sword
rCold    . . .     Faith    .   (no shield)
rNeg     + . .     Spirit   .   b - +0 leather armour
rPois    .         Reflect  .   c - +0 helmet
rElec    .         Harm     .   (no cloak)
rCorr    .         Rampage  .   (no gloves)
Will     .....                  e - +0 pair of boots
Stlth    +.........             (no amulet)
HPRegen  0.11/turn              h - +6 ring of strength
MPRegen  0.09/turn              i - ring of positive energy

@: flying, slowed, very slow
A: hooves 1, condensation shield
a: no special abilities


You were on level 2 of the Dungeon.
You visited 1 branch of the dungeon, and saw 2 of its levels.

You collected 93 gold pieces.

Inventory:

Hand Weapons
 a - a +0 long sword (weapon)
 l - a +2 dagger of venom
 o - a +2 dagger of draining
Missiles
 d - a throwing net (quivered)
Armour
 b - a +0 leather armour (worn)
 c - a +0 helmet (worn)
 e - a +0 pair of boots (worn)
Jewellery
 h - a +6 ring of strength (left hand)
 i - a ring of positive energy (right hand)
Scrolls
 g - 2 scrolls of identify {unknown}
 k - a scroll of fear {unknown}
 m - a scroll of holy word {unknown}
Potions
 f - a potion of heal wounds {unknown}
 j - 2 potions of flight
 n - a potion of brilliance {unknown}


   Skills:
 + Level 2.3 Fighting
 + Level 3.8 Long Blades
 + Level 1.9 Throwing
 + Level 1.2 Armour
 + Level 3.1 Dodging
 + Level 0.5 Stealth


You had 3 spell levels left.
You didn't know any spells.
Your spell library was empty.

Dungeon Overview and Level Annotations

Branches:
Dungeon (2/15)

Altars:

Annotations:
D:2 Natasha


Innate Abilities, Weirdness & Mutations

You have large cloven feet.
A meltable shield of frost defends you. (SH +4)


Message History

You slash the worm!
The worm is moderately wounded.
The worm closely misses you.
You barely miss the worm.
The worm is moderately wounded.
You barely miss the worm.
The worm is moderately wounded.
The worm misses you.
Natasha hisses angrily.
You slash the worm!
The worm is severely wounded.
Natasha mewls in sadness.
Natasha mumbles some strange words.
The ball python completely misses you.
You riposte.
You barely miss the ball python. The ball python barely misses you.
The worm bites you! The ball python closely misses you.
The ball python grabs you. The ball python constricts you.
There is an open door here.
You escape the ball python's grasp.
You slash the ball python!
You kill the ball python!
Natasha mewls in sadness.
You slash the worm!
The worm is almost dead.
You hit the worm.
You kill the worm!
Natasha stares at you and mumbles some strange words.
You feel yourself slow down. Natasha casts a spell at you.
The magic dart hits you.
Natasha stares at you and mumbles some strange words.
The magic dart hits you!
Natasha stares at you and mumbles some strange words.
The magic dart hits you.
* * * LOW HITPOINT WARNING * * *
It was a potion of flight.
You feel very buoyant.
You fly up into the air.
Natasha claws you!
You die...

##.#....#. # .....<.... #.
......#.##
#.##########.......
####............###.#.
............^....<....
.................##.#.
##########.....##.#. ..#.
........@h5....'.........
###########.....##.####...
... #...........###....
#.#. ... #...........# ...
#.#. .... #...........#
.... #.#.
.....#...........# .
....#.....†.....#
#..'...........#
####...........#


You could see Natasha and a white imp (summoned).

Vanquished Creatures
  Natasha (D:2)
  2 adders (D:2)
  A worm (D:2)
  6 endoplasms
  3 giant cockroaches
  3 goblins
  4 hobgoblins
  6 jackals (D:1)
  5 kobolds
  2 quokkas (D:1)
  2 ball pythons
  6 bats
  2 frilled lizards (D:1)
  4 rats
47 creatures vanquished.

Notes
Turn   | Place    | Note
-------+----------+-------------------------------------------
     0 | D:1      | senseless the Demonspawn Gladiator began the quest for the
                  | Orb.
     0 | D:1      | Reached XP level 1. HP: 16/16 MP: 1/1
   254 | D:1      | Gained mutation: You have large cloven feet. [demonic
                  | ancestry]
   254 | D:1      | Reached XP level 2. HP: 13/22 MP: 2/2
   969 | D:1      | Reached XP level 3. HP: 22/27 MP: 3/3
  1807 | D:2      | Noticed Natasha
  2032 | D:2      | Reached skill level 1 in Armour
  2148 | D:2      | Killed Natasha
  2149 | D:2      | Gained mutation: A meltable shield of frost defends you.
                  | (SH +4) [demonic ancestry]
  2149 | D:2      | Reached XP level 4. HP: 22/34 MP: 4/4
  2301 | D:2      | Noticed Natasha
  2359 | D:2      | Slain by Natasha

Illustrated notes

Levels and vault maps discovered:
D:1:      evilmike_arrival_rings, layout_basic, minmay_ruptured
D:2:      layout_basic, uniq_natasha

Skill      XL: |  1  2  3 |
---------------+----------+-----
Dodging        | 3 |  3.1
Long Blades    | 3 |  3.8
Armour         | 1 |  1.2
Fighting       | |  2.3
Throwing       | |  1.9
Stealth        | |  0.5

Action                   |  1- 3 |  4- 6 || total
-------------------------+-------+-------++-------
Melee: Long sword        |   119 |    19 ||   138
Throw: Throwing net      |     3 |       ||     3
  Use: Potion            |       |     1 ||     1
 Stab: Sleeping          |     1 |       ||     1
Armor: Leather armour    |    53 |     6 ||    59
Dodge: Dodged            |    91 |    12 ||   103
Block: Other             |       |     3 ||     3
       Rpst.: Long sword |    31 |     4 ||    35

Table legend: (Time is in decaauts)
 A = Elapsed time spent in this place.
 B = Non-inter-level travel time spent in this place.
 C = Inter-level travel time spent in this place.
 D = Time resting spent in this place.
 E = Time spent auto-exploring this place.
 F = Levels seen in this place.
 G = Mean time per level.
                   A        B        C        D        E       F      G
               +--------+--------+--------+--------+--------+-----+--------+
         Total |   2392 |   2380 |     12 |    107 |   1922 |   2 | 1196.0 |
       Dungeon |   2392 |   2380 |     12 |    107 |   1922 |   2 | 1196.0 |
               +--------+--------+--------+--------+--------+-----+--------+

Top non-repeatable levels by time:
     D:1: 1539 daAuts
     D:2: 852 daAuts
